[Event "ICCopen2017"]
[Site "Internet Chess Club"]
[Date "2017.03.19"]
[Round "2"]
[White "Oracle"]
[Black "manneredmonkey"]
[Result "0-1"]
[ICCResult "White checkmated"]
[WhiteElo "1384"]
[BlackElo "1714"]
[Opening "King's pawn opening"]
[ECO "B07"]
[NIC "VO.17"]
[Time "19:21:39"]
[TimeControl "180+0"]

1. e4 d6 2. Bc4 Nf6 3. d3 c6 4. Nc3 g6 5. Bd2 Bg7 6. Qc1 d5 7. exd5 cxd5 8.
Bb3 Nc6 9. Nge2 O-O 10. Bh6 e5 11. Bxg7 Kxg7 12. O-O Be6 13. f3 Qb6+ 14. Kh1
Rae8 15. Ng3 h6 16. Re1 a6 17. Rb1 Qc7 18. Qd2 Nd4 19. Nge2 Nxb3 20. axb3
Nd7 21. Ng3 f5 22. Re2 Bf7 23. Rbe1 Qd6 24. Nd1 d4 25. Nf2 Nc5 26. Qb4 Qc7
27. Qd2 Nd7 28. f4 exf4 29. Rxe8 Rxe8 30. Rxe8 Bxe8 31. Ne2 g5 32. Nxd4 Qe5
33. Nf3 Qe7 34. h3 Bg6 35. Qc3+ Nf6 36. Qe5 Qd7 37. Nd4 Kf7 38. Nd1 Nd5 39.
Nc3 Ne3 40. Kg1 h5 41. b4 g4 42. hxg4 hxg4 43. Qxf4 Nd5 44. Nxd5 Qxd5 45. c3
Kf6 46. c4 Qd7 47. Qe5+ Kxe5 48. Ne2 Qxd3 49. Kf2 f4 50. Ke1 Qe3 51. Kf1 Bd3
52. b3 Bxe2+ 53. Ke1 Bd3+ 54. Kd1 Qe2+ 55. Kc1 Qc2# {White checkmated} 0-1

[Event "ICCopen2017"]
[Site "Internet Chess Club"]
[Date "2017.03.19"]
[Round "2"]
[White "VrloJakMK"]
[Black "charlestehace"]
[Result "0-1"]
[ICCResult "White resigns"]
[WhiteElo "2079"]
[BlackElo "3221"]
[Opening "Nimzo-Indian: 4.e3, main line with 8...Bxc3"]
[ECO "E58"]
[NIC "NI.02"]
[Time "19:22:49"]
[TimeControl "180+0"]

1. d4 Nf6 2. c4 e6 3. Nc3 Bb4 4. e3 O-O 5. Bd3 d5 6. Nf3 c5 7. O-O Nc6 8. a3
Bxc3 9. bxc3 Qc7 10. Bb2 dxc4 11. Bxc4 Rd8 12. Qe2 b6 13. Rac1 Bb7 14. e4
Na5 15. Bd3 h6 16. Ne5 Rac8 17. Qf3 Qe7 18. Rfe1 Nb3 19. Rcd1 cxd4 20. cxd4
Nxd4 21. Bxd4 Rxd4 22. Bc2 Rxd1 23. Qxd1 Qxa3 24. h3 Qc5 25. Nd7 Qxc2
{White resigns}
0-1

[Event "ICCopen2017"]
[Site "Internet Chess Club"]
[Date "2017.03.19"]
[Round "2"]
[White "BlueJ"]
[Black "Red-white"]
[Result "0-1"]
[ICCResult "White resigns"]
[WhiteElo "2066"]
[BlackElo "3012"]
[Opening "English: four knights, Stean variation"]
[ECO "A28"]
[NIC "EO.05"]
[Time "19:23:11"]
[TimeControl "180+0"]

1. c4 e5 2. Nc3 Nf6 3. Nf3 Nc6 4. e3 Bb4 5. Qc2 O-O 6. Nd5 Re8 7. Qf5 Be7 8.
Ng5 g6 9. Qf3 h6 10. Nxf6+ Bxf6 11. Ne4 Bg7 12. g4 d6 13. h4 Be6 14. b3 Nb4
15. Kd1 d5 16. Nc5 e4 17. Nxe6 Rxe6 {White resigns} 0-1

[Event "ICCopen2017"]
[Site "Internet Chess Club"]
[Date "2017.03.19"]
[Round "2"]
[White "Paganini2"]
[Black "rovov"]
[Result "0-1"]
[ICCResult "White resigns"]
[WhiteElo "1433"]
[BlackElo "1770"]
[Opening "QGD Slav: 4.e3 Bf5"]
[ECO "D12"]
[NIC "SL.01"]
[Time "19:22:51"]
[TimeControl "180+0"]

1. d4 d5 2. c4 c6 3. e3 Nf6 4. Nf3 Bf5 5. Nc3 e6 6. Bd3 Bxd3 7. Qxd3 Bd6 8.
O-O O-O 9. e4 dxe4 10. Nxe4 Nxe4 11. Qxe4 Nd7 12. Bg5 Be7 13. Bxe7 Qxe7 14.
Rad1 Nf6 15. Qh4 c5 16. d5 exd5 17. cxd5 Rad8 18. Rfe1 Qd6 19. Qc4 b6 20. a4
Nxd5 21. Rd3 Qf4 22. Rxd5 Qxc4 {White resigns} 0-1

[Event "ICCopen2017"]
[Site "Internet Chess Club"]
[Date "2017.03.19"]
[Round "2"]
[White "Jude"]
[Black "INDIAN-ELEPHANT"]
[Result "0-1"]
[ICCResult "White resigns"]
[WhiteElo "1953"]
[BlackElo "2687"]
[Opening "Ruy Lopez: exchange, Gligoric variation"]
[ECO "C69"]
[NIC "RL.08"]
[Time "19:23:15"]
[TimeControl "180+0"]

1. e4 e5 2. Nf3 Nc6 3. Bb5 a6 4. Bxc6 dxc6 5. O-O f6 6. d4 exd4 7. Nxd4 c5
8. Nb3 Qxd1 9. Rxd1 Bd7 10. Be3 b6 11. a4 a5 12. Nc3 O-O-O 13. Nd5 Bc6 14.
c4 Bd6 15. f3 Ne7 16. Rd2 Nxd5 17. exd5 Bd7 18. Re2 Rde8 19. Kf2 h5 20. g3
Bf5 21. Rd1 h4 22. g4 Bd7 23. h3 Bxa4 24. Rd3 Bd7 25. Nd2 f5 26. b3 Bg3+ 27.
Kg2 f4 {White resigns} 0-1

[Event "ICCopen2017"]
[Site "Internet Chess Club"]
[Date "2017.03.19"]
[Round "2"]
[White "A4-H5"]
[Black "Anneay"]
[Result "0-1"]
[ICCResult "White checkmated"]
[WhiteElo "1901"]
[BlackElo "2547"]
[Opening "English, Nimzovich, Flohr variation"]
[ECO "A20"]
[NIC "EO.25"]
[Time "19:21:58"]
[TimeControl "180+0"]

1. c4 e5 2. Nf3 e4 3. Nd4 Nc6 4. Nb3 Nf6 5. d4 exd3 6. exd3 d5 7. Bd2 Be7 8.
g3 O-O 9. Bg2 Bg4 10. f3 Bf5 11. Bc3 dxc4 12. dxc4 Bd3 13. Bf1 Bxf1 14. Rxf1
Qc8 15. Kf2 Rd8 16. N1d2 a5 17. a4 Nb4 18. Bxb4 axb4 19. Qe2 Re8 20. Qd3 Qh3
21. Kg1 Rad8 22. Qc2 Bc5+ 23. Nxc5 Re2 24. Rf2 Rxf2 25. Kxf2 Qxh2+ 26. Ke3
Qxg3 27. Nce4 Ng4+ 28. Ke2 Qg2+ 29. Kd1 Qf1# {White checkmated} 0-1

[Event "ICCopen2017"]
[Site "Internet Chess Club"]
[Date "2017.03.19"]
[Round "2"]
[White "Baltimora"]
[Black "GoogleGirl"]
[Result "1-0"]
[ICCResult "Black resigns"]
[WhiteElo "2319"]
[BlackElo "1834"]
[Opening "Queen's Indian: old main line, 7.Nc3"]
[ECO "E18"]
[NIC "QI.09"]
[Time "19:22:05"]
[TimeControl "180+0"]

1. d4 Nf6 2. c4 e6 3. Nf3 b6 4. g3 Bb7 5. Bg2 Be7 6. O-O O-O 7. Nc3 d5 8.
cxd5 Nxd5 9. Qc2 Nd7 10. a3 c5 11. Nxd5 Bxd5 12. e4 Bb7 13. Rd1 Qc7 14. d5
exd5 15. exd5 Rfd8 16. Bf4 Bd6 17. Bxd6 Qxd6 18. Ng5 Nf6 19. Qf5 h6 20. Nh3
Bc8 21. Qf4 Bxh3 22. Qxd6 Rxd6 23. Bxh3 Rxd5 24. Rxd5 Nxd5 25. Bg2 Rd8 26.
Rd1 Kf8 27. Rxd5 Rxd5 28. Bxd5 Ke7 29. Kg2 f6 30. Kf3 Kd6 31. Bc4 Ke5 32.
Ke3 g5 33. f4+ Kf5 34. h3 h5 35. Bd3+ Ke6 36. Ke4 f5+ 37. Ke3 g4 38. h4 a5
39. a4 Kf6 40. Kd2 Ke6 41. Kc3 Kd5 42. Bxf5 b5 43. axb5 {Black resigns} 1-0

[Event "ICCopen2017"]
[Site "Internet Chess Club"]
[Date "2017.03.19"]
[Round "2"]
[White "Ohanessian"]
[Black "manfredo"]
[Result "1-0"]
[ICCResult "Black forfeits on time"]
[WhiteElo "2086"]
[BlackElo "1056"]
[Opening "Center game: Paulsen attack"]
[ECO "C22"]
[NIC "KP.04"]
[Time "19:21:41"]
[TimeControl "180+0"]

1. e4 e5 2. d4 exd4 3. Qxd4 Nc6 4. Qe3 Be7 5. Bc4 Ne5 6. Bb3 Nf6 7. f4 Neg4
8. Qe2 O-O 9. e5 Re8 10. h3 Nxe5 11. fxe5 d5 12. Nf3 Ne4 13. Bf4 Ng3 14.
Bxg3 Bc5 15. Nc3 Bb4 16. O-O-O Bxc3 17. bxc3 c6 18. c4 d4 19. Rxd4 Qb6 20.
Rhd1 Be6 21. Ng5 Qa5 22. Qh5 h6 23. Nxe6 fxe6 24. Rd7 {Black forfeits on
time} 1-0

[Event "ICCopen2017"]
[Site "Internet Chess Club"]
[Date "2017.03.19"]
[Round "2"]
[White "shally"]
[Black "mirpele-murpele"]
[Result "0-1"]
[ICCResult "White checkmated"]
[WhiteElo "1911"]
[BlackElo "2620"]
[Opening "Nimzovich-Larsen attack: classical variation"]
[ECO "A01"]
[NIC "VO.08"]
[Time "19:22:53"]
[TimeControl "180+0"]

1. b3 d5 2. Bb2 e6 3. e3 Nf6 4. f4 Be7 5. Nf3 O-O 6. d4 c5 7. Bd3 Nc6 8. O-O
Ne4 9. c3 f5 10. Nbd2 cxd4 11. exd4 Bd6 12. Ne5 Nxe5 13. fxe5 Be7 14. Nxe4
fxe4 15. Rxf8+ Qxf8 16. Be2 Bg5 17. Qc2 Be3+ 18. Kh1 Bd7 19. Rf1 Qe7 20. c4
Bc6 21. Qc3 Qg5 22. b4 dxc4 23. Bxc4 Re8 24. b5 Bd5 25. Bxd5 exd5 26. Qc7
Qe7 27. Ba3 Qxc7 28. Bc5 b6 29. Bd6 Qc4 30. e6 Qxf1# {White checkmated} 0-1

[Event "ICCopen2017"]
[Site "Internet Chess Club"]
[Date "2017.03.19"]
[Round "2"]
[White "kaens"]
[Black "ladrife"]
[Result "1-0"]
[ICCResult "Black forfeits on time"]
[WhiteElo "2253"]
[BlackElo "1493"]
[Opening "Sicilian: closed"]
[ECO "B23"]
[NIC "SI.44"]
[Time "19:22:16"]
[TimeControl "180+0"]

1. e4 c5 2. Nc3 d6 3. f4 g6 4. Nf3 Bg7 5. g3 Nc6 6. Bg2 Nf6 7. d3 O-O 8. O-O
Bg4 9. h3 Bxf3 10. Qxf3 Nd4 11. Qf2 e5 12. f5 Qb6 13. g4 h5 14. g5 Nd7 15.
f6 Bh8 16. Nd5 Qd8 17. c3 Nc6 18. Bf3 a6 19. Bxh5 gxh5 20. Qh4 Nxf6 21. gxf6
{Black forfeits on time}
1-0

[Event "ICCopen2017"]
[Site "Internet Chess Club"]
[Date "2017.03.19"]
[Round "2"]
[White "P10"]
[Black "MrWizard"]
[Result "0-1"]
[ICCResult "White resigns"]
[WhiteElo "1488"]
[BlackElo "2008"]
[Opening "Caro-Kann: advance variation"]
[ECO "B12"]
[NIC "CK.04"]
[Time "19:23:14"]
[TimeControl "180+0"]

1. e4 c6 2. d4 d5 3. e5 Bf5 4. Bd3 Bxd3 5. Qxd3 e6 6. Nf3 Ne7 7. Bg5 Qb6 8.
b3 Ng6 9. Nbd2 Nd7 10. O-O c5 11. Be3 cxd4 12. Bxd4 Bc5 13. Bxc5 Qxc5 14.
Rfe1 Rc8 15. Rac1 O-O 16. c4 Nb6 17. cxd5 Qxd5 18. Qxd5 Nxd5 19. Nc4 Ngf4
20. Nd6 Rxc1 21. Rxc1 Ne2+ {White resigns} 0-1

[Event "ICCopen2017"]
[Site "Internet Chess Club"]
[Date "2017.03.19"]
[Round "2"]
[White "Kastor"]
[Black "Mysterious17"]
[Result "1-0"]
[ICCResult "Black resigns"]
[WhiteElo "2816"]
[BlackElo "1737"]
[Opening "Alekhine's defense: Maróczy variation"]
[ECO "B02"]
[NIC "AL.10"]
[Time "19:23:06"]
[TimeControl "180+0"]

1. e4 Nf6 2. d3 d5 3. Nd2 c5 4. Ngf3 Nc6 5. Be2 e6 6. O-O Qc7 7. Re1 d4 8.
a4 a6 9. Nc4 b6 10. g3 Be7 11. Bf4 Qd8 12. Nfe5 Nxe5 13. Bxe5 O-O 14. Bf3 b5
15. axb5 Nd7 16. Bf4 Bb7 17. bxa6 Bxa6 18. b3 Bxc4 19. bxc4 e5 20. Bd2 f6
21. Bg4 Nb6 22. Be6+ Kh8 23. Qg4 Qc7 24. Ba5 Qb7 25. Reb1 Bd8 26. Bd5 Qb8
27. Bxa8 {Black resigns} 1-0

[Event "ICCopen2017"]
[Site "Internet Chess Club"]
[Date "2017.03.19"]
[Round "2"]
[White "rjohnson812"]
[Black "Carpe-Diem"]
[Result "0-1"]
[ICCResult "White resigns"]
[WhiteElo "1395"]
[BlackElo "1729"]
[Opening "Torre attack (Tartakower variation)"]
[ECO "D03"]
[NIC "QP.08"]
[Time "19:22:04"]
[TimeControl "180+0"]

1. d4 d5 2. Nf3 Nf6 3. Bg5 Ne4 4. Bh4 c5 5. e3 Qb6 6. b3 cxd4 7. exd4 Bg4 8.
Be2 e6 9. O-O Nc6 10. c3 Be7 11. h3 Bxf3 12. Bxf3 Bxh4 13. Bxe4 dxe4 14. d5
Rd8 15. c4 O-O 16. Nc3 e3 17. Qf3 exf2+ 18. Kh1 Nd4 19. Qg4 Bf6 20. Rad1 e5
21. Rxf2 Qc7 22. Rdf1 Be7 23. Ne4 f5 24. Qh5 fxe4 25. Rxf8+ Rxf8 26. Rxf8+
Bxf8 27. Qe2 {White resigns} 0-1

[Event "ICCopen2017"]
[Site "Internet Chess Club"]
[Date "2017.03.19"]
[Round "2"]
[White "pilot"]
[Black "captain9"]
[Result "0-1"]
[ICCResult "White resigns"]
[WhiteElo "919"]
[BlackElo "712"]
[Opening "Four knights: Italian variation"]
[ECO "C55"]
[NIC "IG.01"]
[Time "19:21:57"]
[TimeControl "180+0"]

1. e4 e5 2. Nf3 Nc6 3. Bc4 Nf6 4. Nc3 Be7 5. O-O O-O 6. d4 exd4 7. Nxd4 Nxd4
8. Qxd4 c5 9. Qe5 d6 10. Qg3 h6 11. e5 dxe5 12. Qxe5 b6 13. Nd5 Re8 14. Qc7
Nxd5 15. Qxd8 Rxd8 16. Bxd5 Rxd5 17. Bf4 Bf5 18. c3 Rd2 19. b3 Rc2 20. a4
Rxc3 21. Rfe1 Bf6 22. Re3 Rxe3 23. Bxe3 Rd8 24. Kf1 Bxa1 25. Ke2 Bd3+ 26.
Kf3 Re8 {White resigns} 0-1

[Event "ICCopen2017"]
[Site "Internet Chess Club"]
[Date "2017.03.19"]
[Round "2"]
[White "watchout"]
[Black "Chisel"]
[Result "0-1"]
[ICCResult "White checkmated"]
[WhiteElo "1398"]
[BlackElo "1754"]
[Opening "Scotch gambit: Benima defense"]
[ECO "C44"]
[NIC "SO.06"]
[Time "19:22:12"]
[TimeControl "180+0"]

1. e4 e5 2. Nf3 Nc6 3. d4 exd4 4. Bc4 Be7 5. c3 d6 6. cxd4 Nf6 7. Nc3 O-O 8.
O-O Nxe4 9. Nxe4 d5 10. Ng3 dxc4 11. Be3 Bg4 12. h3 Bxf3 13. Qxf3 Nxd4 14.
Bxd4 Qxd4 15. Qxb7 Bd6 16. Rad1 Qb6 17. Qxb6 axb6 18. a3 c3 19. bxc3 Rxa3
20. Ne4 h6 21. Nxd6 cxd6 22. Rxd6 b5 23. Rb6 Rb3 24. Rc1 Rc8 25. c4 Rxc4 26.
Rb8+ Kh7 27. Rc8 Rxc8 28. Rxc8 Rb1+ 29. Kh2 b4 30. Kg3 b3 31. Rb8 b2 32. Kf3
Kg6 33. Ke3 Re1+ 34. Kd2 b1=Q 35. Rxb1 Rxb1 36. f4 Rg1 37. g4 Rh1 38. Ke2
Rxh3 39. Kf2 Ra3 40. Kg2 h5 41. gxh5+ Kxh5 42. Kf2 Kg4 43. Kg2 Kxf4 44. Kf2
Ra2+ 45. Kf1 Ke3 46. Kg1 Kf3 47. Kf1 Ra1# {White checkmated} 0-1

[Event "ICCopen2017"]
[Site "Internet Chess Club"]
[Date "2017.03.19"]
[Round "2"]
[White "cirobur"]
[Black "BotanicalKnight"]
[Result "0-1"]
[ICCResult "White resigns"]
[WhiteElo "1081"]
[BlackElo "1518"]
[Opening "Caro-Kann defense"]
[ECO "B10"]
[NIC "CK.01"]
[Time "19:23:18"]
[TimeControl "180+0"]

1. e4 c6 2. f4 d5 3. e5 Qb6 4. d4 a6 5. c3 Bf5 6. Bd3 Bxd3 7. Qxd3 e6 8. Nf3
Nd7 9. O-O c5 10. Be3 Qxb2 11. Nbd2 Qb6 12. dxc5 Bxc5 13. Bxc5 Qxc5+ 14. Kh1
Ne7 15. Nb3 Qc7 16. Rab1 O-O 17. Nfd4 b5 18. Nd2 Rfc8 19. Rfc1 Nc5 20. Qg3
Ng6 21. N2f3 Ne4 22. Qh3 {White resigns} 0-1

[Event "ICCopen2017"]
[Site "Internet Chess Club"]
[Date "2017.03.19"]
[Round "2"]
[White "Mercury"]
[Black "Sc6"]
[Result "1-0"]
[ICCResult "Black checkmated"]
[WhiteElo "2258"]
[BlackElo "1604"]
[Opening "Sicilian: Najdorf, Byrne (English) attack"]
[ECO "B90"]
[NIC "SI.14"]
[Time "19:21:40"]
[TimeControl "180+0"]

1. e4 c5 2. Nf3 d6 3. d4 cxd4 4. Nxd4 Nf6 5. Nc3 a6 6. Be3 e5 7. Nb3 Be6 8.
f3 Qc7 9. g4 h6 10. Qd2 Nbd7 11. O-O-O Bxb3 12. cxb3 Rc8 13. Kb1 b5 14. h4
Qa5 15. Rg1 Nc5 16. g5 hxg5 17. hxg5 Nfd7 18. g6 f6 19. Qd5 b4 20. Na4 Rc7
21. Bc4 Nb6 22. Nxb6 Qxb6 23. Rh1 Rxh1 24. Rxh1 Qb7 25. Qd2 Nd7 26. Bf7+ Ke7
27. Bd5 Qb5 28. Rd1 a5 29. Bc4 Qb8 30. Qxd6+ Ke8 31. Bf7+ Kd8 32. Qxf8#
{Black checkmated}
1-0

[Event "ICCopen2017"]
[Site "Internet Chess Club"]
[Date "2017.03.19"]
[Round "2"]
[White "Dabo"]
[Black "Federicov"]
[Result "0-1"]
[ICCResult "White resigns"]
[WhiteElo "2072"]
[BlackElo "3106"]
[Opening "King's pawn opening"]
[ECO "B07"]
[NIC "VO.17"]
[Time "19:22:24"]
[TimeControl "180+0"]

1. e4 d6 2. d4 g6 3. Nc3 a6 4. a4 Bg7 5. f4 Nc6 6. Be3 Nf6 7. Nf3 O-O 8. e5
Ng4 9. Bg1 Nh6 10. h3 Nf5 11. Bf2 dxe5 12. fxe5 e6 13. g4 Nfe7 14. Bh4 h6
15. Qd2 g5 16. Nxg5 hxg5 17. Bxg5 Qxd4 18. Bd3 Nxe5 19. O-O-O Nf3 20. Qe3
Qxe3+ 21. Bxe3 Ne5 22. Be2 b6 23. Rhe1 Bb7 24. Bd4 N7c6 25. Bf2 Rad8 26. Bh4
f6 27. Ne4 Nd4 28. Bd3 Ndf3 {White resigns} 0-1

[Event "ICCopen2017"]
[Site "Internet Chess Club"]
[Date "2017.03.19"]
[Round "2"]
[White "blunder23"]
[Black "Iamwell"]
[Result "0-1"]
[ICCResult "White resigns"]
[WhiteElo "1447"]
[BlackElo "1976"]
[Opening "Danish gambit: Sorensen defense"]
[ECO "C21"]
[NIC "KP.04"]
[Time "19:21:46"]
[TimeControl "180+0"]

1. e4 e5 2. d4 exd4 3. c3 d5 4. Bc4 dxc4 5. Qa4+ Nc6 6. Qxc4 Be6 7. Qe2 d3
8. Qd2 Nf6 9. f3 Bc5 10. b4 Bb6 11. a4 a5 12. b5 Ne5 13. Na3 Qd7 14. Bb2
O-O-O 15. Nh3 Nc4 16. Nxc4 Bxc4 17. Nf4 g5 18. Nh3 g4 19. Nf2 h5 20. O-O-O
Rhg8 21. f4 Bxf2 22. Qxf2 Nxe4 23. Qa7 Qd6 24. Rhe1 Qxf4+ 25. Kb1 Nd2+ 26.
Rxd2 Qxd2 27. Re7 Qc2+ 28. Ka1 Qd1+ {White resigns} 0-1

[Event "ICCopen2017"]
[Site "Internet Chess Club"]
[Date "2017.03.19"]
[Round "2"]
[White "nikenwidiartto"]
[Black "KnightWalker"]
[Result "1-0"]
[ICCResult "Black resigns"]
[WhiteElo "1761"]
[BlackElo "1437"]
[Opening "Sicilian: closed"]
[ECO "B23"]
[NIC "SI.44"]
[Time "19:22:08"]
[TimeControl "180+0"]

1. e4 c5 2. Nc3 d6 3. f4 Nc6 4. Nf3 g6 5. Bb5 Bd7 6. Bxc6 Bxc6 7. d3 Bg7 8.
O-O Nf6 9. Qe1 O-O 10. f5 b5 11. Qh4 b4 12. Ne2 Re8 13. Bh6 e6 14. Ng5 Re7
15. fxg6 fxg6 16. Nf4 Bd7 17. Nfh3 Qf8 18. Bxg7 Qxg7 19. Rf2 Rf8 20. Raf1
Ref7 21. Nxf7 Rxf7 22. Ng5 Rf8 23. Rxf6 Rxf6 24. Rxf6 Qxf6 25. Qxh7+ Kf8 26.
Qxd7 Qxg5 27. Qxd6+ Kf7 28. Qc7+ Kf6 29. Qd8+ {Black resigns} 1-0

[Event "ICCopen2017"]
[Site "Internet Chess Club"]
[Date "2017.03.19"]
[Round "2"]
[White "ibarra"]
[Black "ajam"]
[Result "1-0"]
[ICCResult "Black checkmated"]
[WhiteElo "2681"]
[BlackElo "1916"]
[Opening "Philidor: Improved Hanham variation"]
[ECO "B07"]
[NIC "PU.08"]
[Time "19:22:27"]
[TimeControl "180+0"]

1. e4 d6 2. d4 Nf6 3. Nc3 e5 4. Nf3 Nbd7 5. Bc4 Be7 6. a4 O-O 7. O-O c6 8.
Re1 Qc7 9. h3 h6 10. Nh4 Nb6 11. Bb3 exd4 12. Qxd4 Nfd7 13. Nf5 Bf6 14. Qxd6
Qxd6 15. Nxd6 Nc5 16. Ba2 Be5 17. Nxc8 Raxc8 18. a5 Na8 19. Be3 Bxc3 20.
bxc3 Nxe4 21. Bxa7 Nxc3 22. Bb3 Nb5 23. Bc5 Rfe8 24. Rad1 Nac7 25. Rxe8+
Rxe8 26. Rd7 Ne6 27. Be3 Rb8 28. f4 g6 29. g4 Kg7 30. Bxe6 Kf6 31. Bxf7 Ra8
32. Bc4 Rxa5 33. Rf7# {Black checkmated} 1-0

[Event "ICCopen2017"]
[Site "Internet Chess Club"]
[Date "2017.03.19"]
[Round "2"]
[White "AbasovN"]
[Black "zelog"]
[Result "1-0"]
[ICCResult "Black resigns"]
[WhiteElo "3135"]
[BlackElo "2069"]
[Opening "French: Tarrasch, open variation"]
[ECO "C07"]
[NIC "FR.19"]
[Time "19:21:56"]
[TimeControl "180+0"]

1. e4 e6 2. d4 d5 3. Nd2 c5 4. exd5 Qxd5 5. dxc5 Bxc5 6. Ngf3 a6 7. Bd3 Nf6
8. Qe2 Bd7 9. a4 Bc6 10. b3 Nbd7 11. Bb2 O-O 12. O-O Qh5 13. Rae1 Rad8 14.
h3 Nd5 15. Be4 N7f6 16. Bxf6 Nxf6 17. Bxc6 bxc6 18. Ne4 Nxe4 19. Qxe4 Rd5
20. Ne5 f5 21. Qe2 Qe8 22. Qxa6 Rd2 23. Qc4 Bd6 24. Nd3 Qb8 25. Rxe6 Kh8 26.
Qc3 Bf4 27. Re7 Rg8 28. Rfe1 Bg5 29. Ne5 h6 30. Re6 Rd6 31. Rxd6 Re8 32. Rd7
Bf6 33. f4 Kh7 34. Qd3 Bxe5 35. Qxf5+ Kh8 36. Rxe5 Rf8 37. Qg6 Rg8 38. Ree7
Qf8 39. Qxh6+ {Black resigns} 1-0

[Event "ICCopen2017"]
[Site "Internet Chess Club"]
[Date "2017.03.19"]
[Round "2"]
[White "Barbos"]
[Black "Chaos23"]
[Result "1-0"]
[ICCResult "Black resigns"]
[WhiteElo "2534"]
[BlackElo "1883"]
[Opening "English: symmetrical variation"]
[ECO "A32"]
[NIC "EO.45"]
[Time "19:21:50"]
[TimeControl "180+0"]

1. d4 Nf6 2. c4 c5 3. Nf3 cxd4 4. Nxd4 e6 5. g3 Bb4+ 6. Bd2 Bxd2+ 7. Qxd2
O-O 8. Bg2 d5 9. cxd5 Nxd5 10. O-O Bd7 11. Nc3 Nc6 12. Nxd5 exd5 13. Rfd1
Be6 14. Rac1 Ne5 15. b3 Qb6 16. Nxe6 fxe6 17. Qd4 Qxd4 18. Rxd4 Rac8 19.
Rxc8 Rxc8 20. Rd2 Rc1+ 21. Bf1 Kf7 22. f3 Ke7 23. Kf2 Kd6 24. Bh3 Nc6 25. f4
e5 26. Bg2 d4 27. e3 Kc5 28. Bxc6 bxc6 29. fxe5 dxe3+ 30. Kxe3 Re1+ 31. Kf4
a5 32. Kf5 Kb4 33. Ke6 Kc3 34. Rf2 c5 35. Kd5 Kb4 36. Rf4+ Kc3 37. Rc4+ Kb2
38. Rxc5 Kxa2 39. Rxa5+ Kxb3 40. e6 Kc3 41. Kd6 Kd4 42. e7 {Black resigns}
1-0

[Event "ICCopen2017"]
[Site "Internet Chess Club"]
[Date "2017.03.19"]
[Round "2"]
[White "EngHany"]
[Black "COMBINATOR35"]
[Result "0-1"]
[ICCResult "White checkmated"]
[WhiteElo "1843"]
[BlackElo "2335"]
[Opening "Benoni defense"]
[ECO "A61"]
[NIC "BI.38"]
[Time "19:21:54"]
[TimeControl "180+0"]

1. d4 Nf6 2. c4 c5 3. d5 e6 4. Nc3 exd5 5. cxd5 Bd6 6. e4 O-O 7. Nf3 Re8 8.
Bd3 a6 9. a4 Bc7 10. O-O d6 11. Bg5 Nbd7 12. Re1 Rb8 13. h3 Nf8 14. Nd2 Ng6
15. Qf3 Ne5 16. Qg3 Kh8 17. Qh4 Nxd3 18. Re3 Ne5 19. f4 Ng6 20. Qf2 h6 21.
f5 hxg5 22. fxg6 fxg6 23. Rg3 Nh5 24. Rf3 Bd7 25. Rf1 b5 26. axb5 axb5 27.
Qe3 c4 28. Kh2 g4 29. hxg4 Bxg4 30. Rf7 Qh4+ 31. Kg1 Bb6 32. Rf8+ Kh7 33.
Qxb6 Rxb6 34. Rxe8 b4 35. Rff8 Qe1+ 36. Kh2 Qg3+ 37. Kg1 g5 38. Nf1 Qe1 39.
Na4 Ra6 40. b3 Rxa4 41. bxa4 b3 42. a5 b2 43. a6 b1=Q 44. a7 Qb6+ 45. Rf2
Qbxf2+ 46. Kh2 Qh4+ 47. Kg1 Qef2# {White checkmated} 0-1

[Event "ICCopen2017"]
[Site "Internet Chess Club"]
[Date "2017.03.19"]
[Round "2"]
[White "Mighty-Penguin"]
[Black "Fuzz0410"]
[Result "1-0"]
[ICCResult "Black forfeits on time"]
[WhiteElo "2130"]
[BlackElo "1570"]
[Opening "Dutch"]
[ECO "A80"]
[NIC "HD.12"]
[Time "19:21:57"]
[TimeControl "180+0"]

1. d4 f5 2. Nc3 Nf6 3. Bg5 d5 4. Bxf6 exf6 5. e3 c6 6. Bd3 Be6 7. Nge2 Nd7
8. Ng3 g6 9. h4 Be7 10. h5 Kf7 11. Nce2 Bd6 12. Nf4 Bxf4 13. exf4 Qc7 14.
Qd2 Nb6 15. O-O-O a5 16. Rde1 Rae8 17. Kb1 Nc4 18. Qc3 b5 19. Rh4 b4 20. Qb3
Nd2+ 21. Kc1 Nxb3+ 22. cxb3 c5 23. Kb1 cxd4 24. Ne2 Rc8 25. Rhh1 Qb6 26. Rd1
Rc6 27. hxg6+ hxg6 28. Rxh8 a4 29. Rh7+ Ke8 30. Rh8+ Kd7 31. Rh7+ Kd6 32.
bxa4 Qc5 33. Rc1 Qb6 34. Rxc6+ Qxc6 35. Rh1 {Black forfeits on time} 1-0

[Event "ICCopen2017"]
[Site "Internet Chess Club"]
[Date "2017.03.19"]
[Round "2"]
[White "whiteshark"]
[Black "tirandopiezas"]
[Result "1-0"]
[ICCResult "Black resigns"]
[WhiteElo "2481"]
[BlackElo "1855"]
[Opening "Ruy Lopez: Wormald (Alapin) attack"]
[ECO "C77"]
[NIC "RL.12"]
[Time "19:23:10"]
[TimeControl "180+0"]

1. e4 e5 2. Nf3 Nc6 3. Bb5 a6 4. Ba4 Nf6 5. Qe2 d6 6. O-O Bd7 7. c3 h6 8.
Rd1 Qe7 9. h3 g6 10. Bc2 Bg7 11. d4 O-O 12. Nbd2 Kh8 13. Nf1 Ng8 14. Ng3
Rae8 15. Be3 Qd8 16. Rac1 Qc8 17. Qd2 Nce7 18. dxe5 dxe5 19. Qxd7 Qb8 20.
Bb3 Nc8 21. Qd2 Nd6 22. Qe2 Qc8 23. Bc5 Rd8 24. Rd5 b6 25. Bxd6 cxd6 26.
Rcd1 Qc7 27. Qxa6 Nf6 28. R5d2 h5 29. Qc4 Qe7 30. Qc6 Ne8 31. Qxb6 Bh6 32.
Rd3 h4 33. Nf1 Nf6 34. Rxd6 Nxe4 35. Rxd8 {Black resigns} 1-0

[Event "ICCopen2017"]
[Site "Internet Chess Club"]
[Date "2017.03.19"]
[Round "2"]
[White "Astigmatist"]
[Black "manest"]
[Result "0-1"]
[ICCResult "White resigns"]
[WhiteElo "2001"]
[BlackElo "2850"]
[Opening "French: Burn variation"]
[ECO "C11"]
[NIC "FR.05"]
[Time "19:22:19"]
[TimeControl "180+0"]

1. e4 e6 2. d4 d5 3. Nc3 Nf6 4. Bg5 dxe4 5. Nxe4 Nbd7 6. Nf3 Be7 7. Bxf6
Nxf6 8. Bd3 O-O 9. Qe2 c5 10. dxc5 Bxc5 11. Nxc5 Qa5+ 12. c3 Qxc5 13. O-O b6
14. Rad1 Bb7 15. Bc2 Rfd8 16. Rxd8+ Rxd8 17. Rd1 Rxd1+ 18. Qxd1 g6 19. Qd4
Qxd4 20. Nxd4 a6 21. f3 Kf8 22. Kf2 Ke7 23. Ke3 e5 24. Ne2 Nd5+ 25. Kd2 Kd6
26. a3 f5 27. c4 Ne7 28. Nc3 Nc6 29. b4 Nd4 30. Bd3 Bc6 31. Ne2 Ne6 32. Kc3
a5 33. Nc1 e4 34. fxe4 fxe4 35. Be2 Ke5 36. Nb3 a4 37. Nd2 Nf4 38. Bf1 e3
39. Nf3+ Bxf3 40. gxf3 e2 41. Bxe2 Nxe2+ 42. Kd3 Nf4+ 43. Ke3 Ne6 44. h4 h5
45. Kd3 Kf4 46. c5 bxc5 47. b5 Ke5 48. b6 Kd6 49. Kc4 Kc6 50. b7 Kxb7 51.
Kd5 Kc7 {White resigns} 0-1

[Event "ICCopen2017"]
[Site "Internet Chess Club"]
[Date "2017.03.19"]
[Round "2"]
[White "DaveyJones"]
[Black "krankenstein"]
[Result "1-0"]
[ICCResult "Black checkmated"]
[WhiteElo "1518"]
[BlackElo "1054"]
[Opening "English opening"]
[ECO "A21"]
[NIC "EO.23"]
[Time "19:22:16"]
[TimeControl "180+0"]

1. c4 e5 2. Nc3 a6 3. Nf3 Nc6 4. e3 Bc5 5. d4 exd4 6. exd4 Ba7 7. Be2 d6 8.
O-O h6 9. Re1 Nge7 10. d5 Ne5 11. Nxe5 dxe5 12. Bh5 O-O 13. Rxe5 Ng6 14.
Bxg6 fxg6 15. Re2 Qf6 16. Be3 b6 17. Ne4 Qf7 18. Rc1 Bf5 19. Ng3 Bd7 20. Rc3
Rae8 21. Bd4 Bb8 22. Rf3 Bf5 23. Nxf5 gxf5 24. Rxe8 Rxe8 25. g3 c5 26. dxc6
Qxc4 27. Rc3 Qd5 28. c7 Bxc7 29. Rxc7 Rd8 30. Rxg7+ Kf8 31. Qe2 Qxd4 32.
Qe7# {Black checkmated} 1-0